 Dungeon Crawl Stone Soup version 0.32-a0-172-gc5dd13f2a7 (webtiles) character file.

Game seed: 11844842844304716875

736 cforsyth the Trooper (level 8, -2/61 HPs)
             Began as a Djinni Hexslinger on Feb 13, 2024.
             Slain by an ufetubus (4 damage)
             ... on level 5 of the Dungeon.
             The game lasted 00:05:36 (4098 turns).

cforsyth the Trooper (Djinni Hexslinger)            Turns: 4098, Time: 00:05:36

Health: -2/61      AC:  2    Str:  7    XL:     8   Next: 4%
Gold:   65         EV: 12    Int: 17    God:
                   SH:  0    Dex: 16

rFire   + + .        a - +1 sling
rCold   x . .        (no shield)
rNeg    . . .        c - +0 robe
rPois   ∞            (no helmet)
rElec   .            (no cloak)
rCorr   .            (no gloves)
SInv    .            (boots unavailable)
Will    .....        (no amulet)
Stlth   +            (no ring)
HPRegen 0.30/turn    (no ring)
MPRegen 0.00/turn

%: infuse magic (-3 HP)
@: flying
A: sickness immunity, fire resistance 2, cold vulnerability 1, float, innate
caster, HP casting, extra vitality 1
a: no special abilities


You were on level 5 of the Dungeon.
You visited 1 branch of the dungeon, and saw 5 of its levels.

You collected 125 gold pieces.
You spent 60 gold pieces at shops.


Innate Abilities, Weirdness & Mutations

You are immune to sickness and miasma.
You are immune to poison.
Your flesh is very heat resistant. (rF++)
You are vulnerable to cold. (rC-)
You float through the air rather than walking.
You learn spells naturally, not from books.
Your magical power is your life essence.
You have superior vitality. (+4 MHP)


   Skills:
 + Level 5.9 Fighting
 - Level 1.5 Ranged Weapons
 - Level 2.1 Dodging
 + Level 5.2 Spellcasting
 + Level 5.2 Conjurations
 + Level 5.2 Hexes
 + Level 5.2 Summonings
 + Level 5.2 Necromancy
 + Level 5.2 Translocations
 + Level 5.2 Fire Magic
 + Level 5.2 Ice Magic
 + Level 5.2 Air Magic
 + Level 5.2 Earth Magic
 + Level 5.2 Alchemy


You knew the following spells:

 Your Spells              Type           Power      Damage    Failure   Level
a - Momentum Strike       Conj/Tloc      44%        3d9       2%          2
c - Cause Fear            Hex            11%        N/A       16%         4
e - Ensorcelled Hibernat  Hex/Ice        44%        N/A       2%          2
f - Inner Flame           Hex/Fire       22%        N/A       4%          3
s - Slow                  Hex            88%        N/A       1%          1
X - Jinxbite              Hex            44%        N/A       2%          2
Y - Sigil of Binding      Hex            22%        N/A       4%          3
Z - Dimensional Bullseye  Hex/Tloc       11%        N/A       16%         4
Your spell library was empty.

Inventory:

Hand Weapons
 a - a +1 sling (weapon)
Armour
 c - a +0 robe (worn)
 r - a +0 helmet
Wands
 i - a wand of iceblast (5)
 j - a wand of polymorph (7)
Scrolls
 b - a scroll of poison
 d - a scroll of blinking {unknown}
 e - 2 scrolls of enchant weapon {unknown}
 g - a scroll of immolation {unknown}
 k - a scroll of enchant armour {unknown}
 l - 2 scrolls of fog {unknown}
 m - a scroll of acquirement {unknown}
 o - a scroll of amnesia {unknown}
 p - a scroll of summoning {unknown}
 q - 2 scrolls of identify {@r1}
 u - 2 scrolls of vulnerability {unknown}
Potions
 f - a potion of haste {@q3}
 h - a potion of might
 n - 2 potions of heal wounds {@q2}
 s - a potion of magic {unknown}
 t - a potion of degeneration {unknown}
 v - a potion of curing {unknown}
 w - a potion of lignification {unknown}

Dungeon Overview and Level Annotations

Branches:
Dungeon (5/15)
 Temple: D:4-7

Altars:
Ashenzari
Okawaru
Ru
Trog
Xom

Shops:
D:4

*
#......+.......#..##
#......##.#.#..#..##
#.......#.#.#..#..##
+.......▒...#..#..##
#.......##.....#..##
#......##..........
#......'..#.......#
▒##55.###.#.#..#..#
#@#.# #.#.#..# .#
#.......##▒
#........ .
......... #+#.......
.?.......# #▒. ##.
.........+
#.......## #.......#
▒###+###▒


You could see 2 ufetubi.


Message History

* * * LOW HITPOINT WARNING * * *
The ufetubus misses you. The ufetubus barely misses you.
The ufetubus misses you. The ufetubus closely misses you. x3
Unknown command.
Casting: Cause Fear (dangerous; 16% risk of failure)
Confirm with . or Enter, or press ? or * to list all spells.
Casting: Cause Fear (dangerous; 16% risk of failure)
Press: ? - help, Dir - look around, f - activate The ufetubus resists with some effort.
The ufetubus resists with almost no effort.
* * * LOW HITPOINT WARNING * * *
The ufetubus closely misses you. The ufetubus hits you.
* * * LOW HITPOINT WARNING * * *
The ufetubus hits you.
* * * LOW HITPOINT WARNING * * *
The ufetubus hits you.
* * * LOW HITPOINT WARNING * * *
Unknown command.
Unknown command.
Unknown command.
You shoot a sling bullet. The sling bullet misses the ufetubus.
The ufetubus closely misses you. The ufetubus hits you.
* * * LOW HITPOINT WARNING * * *
The ufetubus hits you.
* * * LOW HITPOINT WARNING * * *
The ufetubus hits you but does no damage.
The ufetubus hits you.
* * * LOW HITPOINT WARNING * * *
The ufetubus barely misses you. The ufetubus hits you.
You die...

Skill      XL: |  1  2  3  4  5  6  7 |
---------------+----------------------+-----
Fighting       | 2 3 5 |  5.9
Spellcasting   | 3 4 5 |  5.2
Conjurations   | 3 4 5 |  5.2
Hexes          | 3 4 5 |  5.2
Summonings     | 3 4 5 |  5.2
Necromancy     | 3 4 5 |  5.2
Translocations | 3 4 5 |  5.2
Fire Magic     | 3 4 5 |  5.2
Ice Magic      | 3 4 5 |  5.2
Air Magic      | 3 4 5 |  5.2
Earth Magic    | 3 4 5 |  5.2
Alchemy        | 3 4 5 |  5.2
Ranged Weapons | |  1.5
Dodging        | |  2.1

Action                     |  1- 3 |  4- 6 |  7- 9 || total
---------------------------+-------+-------+-------++-------
   Fire: Sling             |    45 |   144 |    75 ||   264
   Cast: Jinxbite          |     1 |     5 |     2 ||     8
         Inner Flame       |       |     4 |     7 ||    11
         Slow              |       |     2 |       ||     2
         Cause Fear        |       |       |     4 ||     4
  Evoke: Wand              |     1 |     1 |       ||     2
    Use: Scroll            |       |     3 |       ||     3
 Armour: Robe              |    14 |    43 |    61 ||   118
  Dodge: Dodged            |    14 |    30 |    58 ||   102

Levels and vault maps discovered:
D:1:      shiori_arrival_whats_in_store_for_you, layout_loops_ring,
          shapermc_ecumenical_altar_starsandcircs
D:2:      layout_basic, basic_altar, uniq_natasha
D:3:      layout_loops_corners, grunt_temple_overflow_open, xom_redecorated
D:4:      minmay_wonky_spiral, layout_basic, serial_shops, shop_fountains
D:5:      nicolae_cairo_tiling_very_big, layout_basic, dancing_weapons_uskayaw,
          serial_shops, nicolae_shop_gibbet_a_chance, uniq_menkaure

Notes
Turn   | Place    | Note
-------+----------+-------------------------------------------
     0 | D:1      | cforsyth the Djinni Hexslinger began the quest for the Orb.
     0 | D:1      | cforsyth set off with the following spells memorised:
                  | Jinxbite, Sigil of Binding, Inner Flame, Cause Fear,
                  | Dimensional Bullseye.
     0 | D:1      | Reached XP level 1. HP: 17/17 MP: 0/0
     0 | D:1      | Noticed a large abomination
     0 | D:1      | Noticed a large abomination
     1 | D:1      | Noticed a small abomination
     3 | D:1      | Noticed a large abomination
     3 | D:1      | Noticed a large abomination
     5 | D:1      | Noticed a large abomination
     6 | D:1      | Noticed a small abomination
     7 | D:1      | Noticed a large abomination
     8 | D:1      | Noticed a large abomination
    11 | D:1      | Noticed a large abomination
    13 | D:1      | Noticed a large abomination
    13 | D:1      | Noticed a large abomination
    15 | D:1      | Noticed a large abomination
    15 | D:1      | Noticed a large abomination
    15 | D:1      | Noticed a large abomination
    17 | D:1      | Noticed a large abomination
    17 | D:1      | Noticed a large abomination
    17 | D:1      | Noticed a large abomination
    19 | D:1      | Noticed a large abomination
    19 | D:1      | Noticed a small abomination
    21 | D:1      | Noticed a large abomination
    40 | D:1      | Found a faded altar of an unknown god.
   566 | D:1      | Reached XP level 2. HP: 16/22 MP: 0/0
   868 | D:2      | Noticed Natasha
   873 | D:2      | Killed Natasha
   874 | D:2      | Reached skill level 2 in Fighting
   874 | D:2      | Reached skill level 3 in Spellcasting
   874 | D:2      | Reached skill level 3 in Conjurations
   874 | D:2      | Reached skill level 3 in Hexes
   874 | D:2      | Reached skill level 3 in Summonings
   874 | D:2      | Reached skill level 3 in Necromancy
   874 | D:2      | Reached skill level 3 in Translocations
   874 | D:2      | Reached skill level 3 in Fire Magic
   874 | D:2      | Reached skill level 3 in Ice Magic
   874 | D:2      | Reached skill level 3 in Air Magic
   874 | D:2      | Reached skill level 3 in Earth Magic
   874 | D:2      | Reached skill level 3 in Alchemy
   874 | D:2      | Reached XP level 3. HP: 24/28 MP: 0/0
   874 | D:2      | Learned a level 1 spell: Slow
   997 | D:2      | Reached XP level 4. HP: 34/34 MP: 0/0
  1012 | D:2      | Noticed Natasha
  1022 | D:2      | Killed Natasha
  1049 | D:2      | Noticed Natasha
  1055 | D:2      | Killed Natasha
  1056 | D:2      | Reached skill level 3 in Fighting
  1056 | D:2      | Reached XP level 5. HP: 29/40 MP: 0/0
  1056 | D:2      | Learned a level 2 spell: Momentum Strike
  1146 | D:2      | Found a bloodstained altar of Trog.
  1692 | D:3      | Found a shimmering altar of Xom.
  1692 | D:3      | Found a shimmering altar of Xom.
  2381 | D:3      | Found an iron altar of Okawaru.
  2384 | D:3      | Found a sacrificial altar of Ru.
  2386 | D:3      | Found a broken altar of Ashenzari.
  2817 | D:4      | Reached skill level 4 in Spellcasting
  2817 | D:4      | Reached skill level 4 in Conjurations
  2817 | D:4      | Reached skill level 4 in Hexes
  2817 | D:4      | Reached skill level 4 in Summonings
  2817 | D:4      | Reached skill level 4 in Necromancy
  2817 | D:4      | Reached skill level 4 in Translocations
  2817 | D:4      | Reached skill level 4 in Fire Magic
  2817 | D:4      | Reached skill level 4 in Ice Magic
  2817 | D:4      | Reached skill level 4 in Air Magic
  2817 | D:4      | Reached skill level 4 in Earth Magic
  2817 | D:4      | Reached skill level 4 in Alchemy
  2817 | D:4      | Reached XP level 6. HP: 37/47 MP: 0/0
  2894 | D:4      | Noticed an ice beast
  2901 | D:4      | Killed an ice beast
  2902 | D:4      | Reached skill level 4 in Fighting
  3099 | D:4      | Noticed an ogre
  3118 | D:4      | Killed an ogre
  3119 | D:4      | Reached skill level 5 in Fighting
  3119 | D:4      | Reached XP level 7. HP: 31/54 MP: 0/0
  3119 | D:4      | Learned a level 2 spell: Ensorcelled Hibernation
  3577 | D:4      | Found Menyni's Assorted Antiques.
  3585 | D:4      | Bought a golden potion for 19 gold pieces
  3585 | D:4      | Bought a scroll labelled LAUTOE SIBOU for 22 gold pieces
  3585 | D:4      | Bought a sedimented red potion for 19 gold pieces
  3861 | D:4      | Reached skill level 5 in Spellcasting
  3861 | D:4      | Reached skill level 5 in Conjurations
  3861 | D:4      | Reached skill level 5 in Hexes
  3861 | D:4      | Reached skill level 5 in Summonings
  3861 | D:4      | Reached skill level 5 in Necromancy
  3861 | D:4      | Reached skill level 5 in Translocations
  3861 | D:4      | Reached skill level 5 in Fire Magic
  3861 | D:4      | Reached skill level 5 in Ice Magic
  3861 | D:4      | Reached skill level 5 in Air Magic
  3861 | D:4      | Reached skill level 5 in Earth Magic
  3861 | D:4      | Reached skill level 5 in Alchemy
  3998 | D:5      | Entered Level 5 of the Dungeon
  4024 | D:5      | Reached XP level 8. HP: 49/61 MP: 0/0
  4098 | D:5      | HP: 5/61 [ufetubus (3)]
  4098 | D:5      | HP: 2/61 [ufetubus (3)]
  4098 | D:5      | Slain by an ufetubus

Vanquished Creatures
  A black bear (D:4)
  An ogre (D:4)
  An ice beast (D:4)
  3 scorpions
  A jelly (D:4)
  An orc priest (D:3)
  A hound (D:4)
  Natasha (thrice) (D:2)
  An orc wizard (D:4)
  4 adders
  2 dart slugs (D:2)
  2 ribbon worms
  7 orcs
  6 ball pythons
  A bat (D:3)
  6 endoplasms
  3 giant cockroaches
  2 goblins
  7 hobgoblins
  8 kobolds
  4 quokkas
  3 frilled lizards
  5 rats
73 creatures vanquished.

Table legend: (Time is in decaauts)
 A = Elapsed time spent in this place.
 B = Non-inter-level travel time spent in this place.
 C = Inter-level travel time spent in this place.
 D = Time resting spent in this place.
 E = Time spent auto-exploring this place.
 F = Levels seen in this place.
 G = Mean time per level.
                   A        B        C        D        E       F      G
               +--------+--------+--------+--------+--------+-----+--------+
         Total |   4188 |   4095 |     93 |    133 |   3360 |   5 |  837.6 |
       Dungeon |   4188 |   4095 |     93 |    133 |   3360 |   5 |  837.6 |
               +--------+--------+--------+--------+--------+-----+--------+

Top non-repeatable levels by time:
     D:4: 1272 daAuts
     D:3: 1168 daAuts
     D:2: 859 daAuts
     D:1: 783 daAuts
     D:5: 106 daAuts

Table legend:
 A = Non-vault XP
 B = Vault XP
 C = Vault XP percentage of total XP
 D = Non-vault monster count
 E = Vault monster count
 F = Vault count percentage of total count
                 A         B        C        D         E       F
            +---------+---------+-------+---------+---------+-------
      Total |     862 |     190 |  18.1 |      67 |       6 |   8.2
            +---------+---------+-------+---------+---------+-------
        D:1 |      11 |       0 |   0.0 |       7 |       0 |   0.0
        D:2 |     111 |      35 |  24.0 |      17 |       1 |   5.6
        D:3 |      81 |       0 |   0.0 |      20 |       0 |   0.0
        D:4 |     559 |     155 |  21.7 |      21 |       5 |  19.2
        D:5 |     100 |       0 |   0.0 |       2 |       0 |   0.0
            +---------+---------+-------+---------+---------+-------
